 Dungeon Crawl Stone Soup version 0.14-a0-1330-g3eed206 (webtiles) character file.

394 Chiseanne the Shooter (level 5, -2/40 HPs)
             Began as a Mummy Wanderer on Dec 6, 2013.
             Slain by an orc
             ... wielding a +0,+0 orcish hand axe
              (3 damage)
             ... on Level 3 of the Dungeon.
             The game lasted 00:19:32 (25911 turns).

Chiseanne the Shooter (Mummy Wanderer)             Turns: 25911, Time: 00:19:32

HP  -2/40        AC 11     Str 20      XL: 5   Next: 79%
MP   5/5         EV 11     Int  9      God:
Gold 154         SH  0     Dex  9      Spells:  0 memorised,  4 levels left

rFire  . . .     SeeInvis .     a - +2 dagger (protect)
rCold  + . .     Clarity  .     i - +0 leather armour
rNeg   + + +     Conserve +     (no shield)
rPois  +         rCorr    .     (no helmet)
rElec  .         rRot     +     (no cloak)
SustAb . .       Spirit   .     d - +2 pair of orc gloves
rMut   .         Warding  .     (no boots)
Saprov . . .     Stasis   .     j - cursed amulet of conservation
                                (no ring)
                                h - ring of protection from fire

@: slightly resistant to hostile enchantments, very unstealthy
A: no food or potions, fire vulnerability, restore body, cold resistance 1, life
protection 3, poison resistance, torment resistance, unbreathing
a: no special abilities


You were on level 3 of the Dungeon.
You were not hungry.

You visited 1 branch of the dungeon, and saw 3 of its levels.

You collected 154 gold pieces.

Inventory:

Hand weapons
 a - a +2,+2 dagger of protection (weapon)
 q - a +0 blowgun
 s - a +1,+3 quarterstaff of draining
 w - a +4,+3 bow
Missiles
 b - 9 arrows of flame
 c - 29 poisoned needles
 e - 13 javelins (quivered)
 f - 90 arrows
 n - 3 needles of slowing
Armour
 d - a +2 pair of orcish gloves (worn)
 i - a +0 leather armour (worn)
Comestibles
 o - a bread ration
 r - a meat ration
Scrolls
 p - a scroll of blinking
 u - a scroll of remove curse {unknown}
Jewellery
 h - a ring of protection from fire (left hand)
 j - a cursed amulet of conservation (around neck)
Potions
 g - a potion of restore abilities {unknown}
 k - a potion of speed {unknown}
 l - 2 potions of confusion {unknown}
 m - a potion of mutation {unknown}


   Skills:
 * Level 2.8 Fighting
 * Level 1.2 Short Blades
   Level 0.1 Axes
 * Level 3.8 Bows
   Level 1.0 Crossbows
 - Level 1.0 Throwing
 * Level 2.4 Armour
 * Level 1.9 Dodging
   Level 1.0 Shields


You had 4 spell levels left.
You didn't know any spells.

Dungeon Overview and Level Annotations

Branches:
Dungeon (3/16)

Altars:


Innate Abilities, Weirdness & Mutations

You do not eat or drink.
Your flesh is vulnerable to fire.
Your flesh is cold resistant.
You are immune to negative energy.
Your system is resistant to poisons.
You are immune to unholy pain and torment.
You can survive without breathing.


Message History

The orc wizard is lightly wounded.
The orc wizard misses you. The orc closely misses you.
The orc wizard hits you but does no damage.
The orc closely misses you. The orc hits you but does no damage.
The orc wizard barely misses you.
The orc wizard is no longer moving quickly.
You closely miss the orc wizard.
The orc wizard is lightly wounded.
The orc wizard hits you with a glowing orcish dagger.
* * * LOW HITPOINT WARNING * * *
The orc sings a few bars from the Orcish anthem.
The orc hits you but does no damage.
You hit the orc wizard.
The orc wizard is moderately wounded.
The orc wizard hits you but does no damage.
You barely miss the orc wizard.
The orc wizard is moderately wounded.
The orc hits you with an orcish hand axe.
You die...

..# #..########.... ..#
#............## ..#
#............# ..########
#..########..# ........... #..#
#..# ............ #..# #..#
..#########..######..########..##
.%# #......o.........(..... ..#
#.....@oo..........<... ..#
#..######).########..## ..# #..#
#(.# ..# #..# #(.# ..# #..# #..#
..######## #..# #..## ...........
#..# #.<.. ...........
######>.########(... ..#########
...........oo......##


You could see an orc wizard and 2 orcs.

Vanquished Creatures
  A scorpion (D:1)
  Jessica (D:2)
  A gnoll (D:1)
  4 adders
  A giant mite (D:1)
  5 worms
  4 giant geckos
  2 oozes
  3 orcs (D:3)
  A ball python (D:1)
  11 bats
  A giant cockroach (D:2)
  13 goblins
  10 hobgoblins
  6 jackals
  2 quokkas (D:2)
  6 giant newts
  11 kobolds
  13 rats
96 creatures vanquished.

Vanquished Creatures (others)
  A wyvern zombie (D:1)
  3 goblins (D:1)
  2 kobolds (D:1)
6 creatures vanquished.

Grand Total: 102 creatures vanquished

Notes
Turn   | Place    | Note
--------------------------------------------------------------
     0 | D:1      | Chiseanne, the Mummy Wanderer, began the quest for the Orb.
     0 | D:1      | Reached XP level 1. HP: 16/16 MP: 1/1
   485 | D:1      | Reached XP level 2. HP: 22/22 MP: 2/2
   514 | D:1      | Reached skill level 3 in Bows
   877 | D:1      | Reached XP level 3. HP: 20/27 MP: 3/3
  1600 | D:1      | Reached skill level 1 in Dodging
  6850 | D:1      | Reached XP level 4. HP: 34/34 MP: 4/4
  8306 | D:2      | Noticed Jessica
  8326 | D:2      | Killed Jessica
  8619 | D:2      | Reached skill level 1 in Short Blades
  8794 | D:2      | Reached XP level 5. HP: 39/39 MP: 5/5
 19940 | D:1      | Noticed an ettin
 25640 | D:2      | Noticed a komodo dragon
 25904 | D:3      | HP: 1/40 [orc/orcish hand axe (5)]
 25909 | D:3      | HP: 1/40 [orc wizard/glowing orcish dagger (1)]
 25911 | D:3      | Slain by an orc

Action                   |  1- 3 |  4- 6 || total
-------------------------+-------+-------++-------
Melee: Hand axe          |    44 |       ||    44
       Dagger            |    82 |   180 ||   262
       Quarterstaff      |       |     5 ||     5
 Fire: Bow               |    24 |    81 ||   105
Throw: Javelin           |     5 |       ||     5
  Use: Scroll            |     3 |     5 ||     8
